 Dungeon Crawl Stone Soup version 0.22.1-5-g62c59d919a (webtiles) character file.

19026 Gargoyl the Protected (level 12, -17/103 HPs)
             Began as a Centaur Abyssal Knight on Jan 15, 2019.
             Was a High Priest of Lugonu.
             Demolished by a polar bear (18 damage)
             ... on level 4 of the Lair of Beasts.
             The game lasted 00:24:32 (16774 turns).

Gargoyl the Protected (Centaur Abyssal Knight)     Turns: 16774, Time: 00:24:33

Health: -17/103    AC: 15    Str: 23    XL:     12   Next: 32%
Magic:  18/18      EV:  4    Int: 11    God:    Lugonu [*****.]
Gold:   541        SH:  6    Dex: 12    Spells: 11/11 levels left

rFire    + . .     SeeInvis .   f - +8 mace "Lusso" {crush, rC+ Str+4}
rCold    + . .     Gourm    .   k - +0 buckler
rNeg     . . .     Faith    .   v - +2 chain mail {rPois}
rPois    +         Spirit   .   (helmet restricted)
rElec    .         Reflect  +   p - +0 cloak
rCorr    .         Harm     .   J - +0 pair of gloves (curse)
MR       .....                  (no barding)
Stlth    ..........             h - +3 amulet of reflection
HPRegen  0.27/turn              l - +3 ring of protection
MPRegen  0.16/turn              M - ring of protection from fire

@: extremely drained, very quick
A: large, hooves 3, horns 1, rugged brown scales 1, agile 1, deformed body,
speed 2, sense surroundings 1, tough skin 3, evolution 1
a: Depart the Abyss, Bend Space, Banish, Corrupt, Enter the Abyss, Renounce
Religion


You were on level 4 of the Lair of Beasts.
You worshipped Lugonu.
Lugonu was extremely pleased with you.
You were hungry.

You visited 2 branches of the dungeon, and saw 13 of its levels.
You visited the Abyss 1 time.

You collected 750 gold pieces.
You spent 209 gold pieces at shops.

Inventory:

Hand Weapons
 a - a +2 hand axe
 f - the +8 mace "Lusso" (weapon) {crush, rC+ Str+4}
   (You found it on level 2 of the Abyss)

   It inflicts extra damage upon your enemies.
   It affects your strength (+4).
   It protects you from cold.
 C - a +2 broad axe
 D - a +0 flail of holy wrath
Missiles
 E - 12 tomahawks (quivered)
Armour
 k - a +0 buckler (worn)
 p - a +0 cloak (worn)
 v - a +2 chain mail of poison resistance (worn)
 J - a cursed +0 pair of gloves (worn)
 K - a +0 helmet
Jewellery
 h - a +3 amulet of reflection (around neck)
 l - a +3 ring of protection (left hand)
 q - an uncursed ring of flight
 M - a ring of protection from fire (right hand)
Wands
 w - a wand of random effects (39)
 x - a wand of polymorph (30)
 y - a wand of digging (10)
 L - a wand of flame (25)
Scrolls
 e - a scroll of identify
 i - 4 scrolls of magic mapping
 j - 5 scrolls of amnesia
 o - a scroll of fog
 t - a scroll of teleportation
 u - a scroll of fear
 G - 6 scrolls of remove curse
 I - a scroll of summoning
Potions
 b - 2 potions of brilliance
 d - 2 potions of cancellation
 g - a potion of flight
 m - a potion of might
 n - a potion of curing
 r - 2 potions of invisibility
 s - a potion of magic
 z - a potion of resistance
 A - 2 potions of agility
 H - a potion of berserk rage
Miscellaneous
 F - a box of beasts
Comestibles
 c - 15 rations


   Skills:
 + Level 7.6(0.0) Fighting
 + Level 1.9(0.0) Axes
 + Level 9.3(0.0) Maces & Flails
 + Level 1.3(0.0) Throwing
 * Level 9.6(0.0) Armour
 * Level 5.8(0.0) Dodging
 + Level 1.8(0.0) Shields
 * Level 8.3(0.0) Invocations


You had 11 spell levels left.
You didn't know any spells.
Your spell library contained the following spells:

 Spells                   Type           Power        Failure   Level  Hunger
 Apportation              Tloc           #.....       99%         1    ##.....
 Summon Butterflies       Summ           #.......     99%         1    ##.....
 Lesser Beckoning         Tloc           #.........   100%        3    ####...
 Tukima's Dance           Hex            #.......     100%        3    ####...
 Alistair's Intoxication  Tmut/Pois      #.......     100%        5    ######.
 Invisibility             Hex            #.......     100%        6    #######


Dungeon Overview and Level Annotations

Branches:
Dungeon (9/15)             Temple (0/1) D:6            Lair (4/6) D:9
  Swamp (0/4) Lair:2       Spider (0/4) Lair:4          Orc (0/2) D:9

Altars:
Ru
Sif Muna

Shops:
D:4 !

Annotations:
Lair:3 1 runed door, Sondor's ghost, journeyman DsGl
Abyss:1 Snorg


Innate Abilities, Weirdness & Mutations

You have hooves in place of feet.
Armour fits poorly on your strangely shaped body.
You cover ground very quickly.
You have extremely tough skin. (AC +3)
You have a pair of small horns on your head.
You are partially covered in rugged brown scales. (AC +1, +3% HP)
You are agile. (Dex +2)
You passively map a small area around you.
You evolve.


Message History

The polar bear claws you but does no damage. x2
The polar bear bites you but does no damage.
The polar bear claws you but does no damage. x2
Unknown command.
You hit the polar bear.
The polar bear is almost dead.
The polar bear goes berserk!
You hit the polar bear.
The polar bear is almost dead.
You feel less wooden.
Your +0 cloak unmelds from your body.
Your cursed +0 pair of gloves unmelds from your body.
Your +2 chain mail of poison resistance unmelds from your body.
You feel resistant to poison. The polar bear bites you!
* * * LOW HITPOINT WARNING * * *
The polar bear claws you.
* * * LOW HITPOINT WARNING * * *
The polar bear claws you but does no damage.
The polar bear bites you!!
You die...

* ##..## P.# , ##...# *..# #####
,# ######.+.## #.# #PP.##+.
##.........# #.####.......
#.........h# #.P##........
...........# ##.##.#.......
...........# ### ###(.....+......
##...#.....###.###.....####......
###..##...+....h@..#..## ##......
#..........#.######.#.# #P.+.###
.#...##....### ####.# ###...##
...>.....### ##.##.## #....#
#........P.## #.#....### ###...
#.#.#.#.....# #........## ####.
###.####....# ##......+..###....
##....#.....####........#.P......
............##..+......##.<.#....


You could see a polar bear (berserk).

Vanquished Creatures
  A hydra (Lair:1)
  Sonja (Lair:3)
  The ghost of hello109 the Chopper, a novice DDFi of Trog (D:7)
  2 black mambas (Lair:2)
  5 spiny frogs
  A demonic crawler (Lair:4)
  A rime drake (Lair:3)
  4 komodo dragons
  A polar bear (Lair:3)
  A tyrant leech (Lair:2)
  4 blink frogs (Lair:1)
  8 hippogriffs
  2 wyverns
  16 yaks
  2 basilisks
  A hungry ghost (D:9)
  2 wargs (Lair:2)
  7 porcupines
  6 water moccasins
  4 phantoms
  An orc warrior (D:7)
  4 sky beasts
  An ice beast (D:7)
  3 ogres
  20 wolves
  3 centaurs
  8 crocodiles
  5 bullfrogs
  12 killer bees
  4 scorpions
  2 crimson imps
  10 orc priests
  A bullfrog skeleton (D:5)
  11 hounds
  2 jellies (D:7)
  2 iguanas
  12 worker ants
  8 orc wizards
  A hound skeleton (D:5)
  A gnoll (D:1)
  13 adders
  3 howler monkey skeletons
  3 shadow imps
  A white imp (Abyss:2)
  2 adder skeletons
  2 worms
  3 leopard geckos
  25 orcs
  8 giant cockroaches
  7 goblins
  8 hobgoblins
  8 jackals
  6 kobolds
  3 quokkas
  9 bats
  5 frilled lizards
  A leopard gecko zombie (D:5)
  2 quokka skeletons
  9 rats
299 creatures vanquished.

Vanquished Creatures (others)
  A tyrant leech (Lair:2)
  5 fungi
  4 plants
  2 withered plants (D:7)
12 creatures vanquished.

Grand Total: 311 creatures vanquished

Notes
Turn   | Place    | Note
-------+----------+-------------------------------------------
     0 | Abyss:1  | Gargoyl the Centaur Abyssal Knight began the quest for the
                  | Orb.
     0 | Abyss:1  | Reached XP level 1. HP: 19/19 MP: 2/2
    98 | Abyss:2  | Found a corrupted altar of Lugonu.
   136 | Abyss:2  | Got a faintly glowing mace
   137 | Abyss:2  | Identified the +8 mace "Lusso" {crush, rC+ Str+4} (You
                  | found it on level 2 of the Abyss)
   168 | Abyss:2  | Noticed a chaos spawn
   169 | D:1      | Escaped the Abyss
   183 | D:1      | Reached XP level 2. HP: 17/26 MP: 1/3
   302 | D:1      | Reached * piety under Lugonu
   571 | D:1      | Reached skill level 1 in Dodging
   649 | D:1      | Reached XP level 3. HP: 31/31 MP: 4/4
  1073 | D:1      | Reached skill level 1 in Maces & Flails
  1149 | D:2      | Reached ** piety under Lugonu
  1252 | D:2      | Reached XP level 4. HP: 39/40 MP: 5/5
  1771 | D:2      | You fall through a shaft!
  2275 | D:3      | Reached XP level 5. HP: 37/46 MP: 5/7
  2711 | D:4      | Found Zuosacsi's Distillery.
  2715 | D:4      | Bought a potion of curing for 33 gold pieces
  2936 | D:4      | Noticed an ogre
  2943 | D:4      | Killed an ogre
  2943 | D:4      | Reached XP level 6. HP: 44/52 MP: 8/8
  3059 | D:4      | HP: 2/52 [something/puff of flame (6)]
  3327 | D:4      | Found a deep blue altar of Sif Muna.
  3447 | D:4      | Reached XP level 7. HP: 45/60 MP: 9/9
  3576 | D:5      | Entered Level 5 of the Dungeon
  3724 | D:5      | Reached *** piety under Lugonu
  4014 | D:5      | Found a sacrificial altar of Ru.
  4410 | D:6      | Reached XP level 8. HP: 66/67 MP: 11/11
  4524 | D:6      | Gained mutation: You are frail. (-10% HP) [potion of
                  | mutation]
  4524 | D:6      | Gained mutation: You have a beak for a mouth. [potion of
                  | mutation]
  4524 | D:6      | Gained mutation: You are partially covered in molten
                  | scales. (AC +2) [potion of mutation]
  4679 | D:6      | Found a staircase to the Ecumenical Temple.
  4725 | D:6      | Reached skill level 5 in Maces & Flails
  4854 | D:6      | Lost mutation: You are frail. (-10% HP) [potion of
                  | mutation]
  4854 | D:6      | Lost mutation: You have a beak for a mouth. [potion of
                  | mutation]
  4854 | D:6      | Lost mutation: You are partially covered in molten scales.
                  | (AC +2) [potion of mutation]
  4854 | D:6      | Gained mutation: You are frail. (-10% HP) [potion of
                  | mutation]
  4854 | D:6      | Gained mutation: You expend magic power (3 MP) to
                  | strengthen your wands. [potion of mutation]
  4854 | D:6      | Gained mutation: You have an increased reservoir of magic.
                  | (+10% MP) [potion of mutation]
  5293 | D:7      | Noticed a hippogriff
  5299 | D:7      | Noticed a hippogriff
  5312 | D:7      | Killed a hippogriff
  5312 | D:7      | Reached skill level 5 in Fighting
  5316 | D:7      | Killed a hippogriff
  5316 | D:7      | Reached skill level 5 in Invocations
  5443 | D:7      | Reached XP level 9. HP: 66/66 MP: 14/14
  5467 | D:7      | Reached skill level 5 in Armour
  5624 | D:7      | Reached **** piety under Lugonu
  5916 | D:7      | Lost mutation: You expend magic power (3 MP) to strengthen
                  | your wands. [potion of mutation]
  5916 | D:7      | Lost mutation: You are frail. (-10% HP) [potion of
                  | mutation]
  5916 | D:7      | Gained mutation: You are clumsy. (Dex -2) [potion of
                  | mutation]
  5916 | D:7      | Gained mutation: You are robust. (+10% HP) [potion of
                  | mutation]
  5916 | D:7      | Gained mutation: Your flesh is heat resistant. (rF+)
                  | [potion of mutation]
  6230 | D:7      | Found a runed door.
  6234 | D:7      | Noticed hello109's ghost (novice DDFi)
  6574 | D:7      | Killed hello109's ghost
  7631 | D:7      | Reached XP level 10. HP: 87/91 MP: 16/16
  8058 | D:8      | Reached ***** piety under Lugonu
  8743 | D:9      | Found a staircase to the Orcish Mines.
  8794 | D:9      | Found a staircase to the Lair.
  9865 | Lair:1   | Entered Level 1 of the Lair of Beasts
 10068 | Lair:1   | Noticed a six-headed hydra
 10080 | Lair:1   | Killed a six-headed hydra
 10288 | Lair:1   | Reached XP level 11. HP: 72/99 MP: 18/18
 11484 | Lair:2   | Reached skill level 1 in Throwing
 11610 | Lair:1   | Reached skill level 1 in Shields
 11726 | Lair:2   | Reached skill level 5 in Dodging
 12504 | Lair:2   | You fall through a shaft for 2 floors!
 13164 | Lair:3   | Noticed Snorg
 13175 | Lair:2   | Banished Snorg
 13440 | D:4      | Bought 2 potions of mutation for 176 gold pieces
 13441 | D:4      | Lost mutation: You are robust. (+10% HP) [potion of
                  | mutation]
 13441 | D:4      | Lost mutation: You are clumsy. (Dex -2) [potion of
                  | mutation]
 13441 | D:4      | Lost mutation: Your flesh is heat resistant. (rF+) [potion
                  | of mutation]
 13441 | D:4      | Lost mutation: You have an increased reservoir of magic.
                  | (+10% MP) [potion of mutation]
 13441 | D:4      | Gained mutation: Your system is resistant to poisons.
                  | (rPois) [potion of mutation]
 13441 | D:4      | Gained mutation: You are partially covered in rugged brown
                  | scales. (AC +1, +3% HP) [potion of mutation]
 13441 | D:4      | Gained mutation: You are somewhat resistant to further
                  | mutation. [potion of mutation]
 13442 | D:4      | Lost mutation: Your system is resistant to poisons. (rPois)
                  | [potion of mutation]
 13442 | D:4      | Lost mutation: You are somewhat resistant to further
                  | mutation. [potion of mutation]
 13442 | D:4      | Gained mutation: You evolve. [potion of mutation]
 13442 | D:4      | Gained mutation: You passively map a small area around you.
                  | [potion of mutation]
 13442 | D:4      | Gained mutation: You are agile. (Dex +2) [potion of
                  | mutation]
 13692 | Lair:2   | Reached XP level 12. HP: 80/103 MP: 18/18
 14306 | Lair:2   | Found a staircase to the Swamp.
 14526 | Lair:3   | Noticed Sonja
 15162 | Lair:3   | Found a runed door.
 15315 | Lair:3   | Killed Sonja
 15364 | Lair:3   | Noticed Sondor's ghost (journeyman DsGl)
 16668 | Lair:4   | Gained mutation: You have a pair of small horns on your
                  | head. [evolution]
 16704 | Lair:4   | Found a hole to the Spider Nest.
 16774 | Lair:4   | HP: 1/103 [polar bear (5)]
 16774 | Lair:4   | Demolished by a polar bear

Skill      XL: |  1  2  3  4  5  6  7  8  9 10 11 |
---------------+----------------------------------+-----
Dodging        | 1 2 3 4 5 |  5.8
Maces & Flails | 1 2 3 4 5 7 8 9 |  9.3
Armour         | 2 3 4 6 7 9 |  9.6
Fighting       | 4 5 6 7 |  7.6
Invocations    | 3 4 5 6 7 8 |  8.3
Throwing       | 1 |  1.3
Shields        | 1 |  1.8
Axes           | |  1.9

Action                   |  1- 3 |  4- 6 |  7- 9 | 10-12 || total
-------------------------+-------+-------+-------+-------++-------
Melee: Mace              |    57 |    98 |   251 |   593 ||   999
       Kick              |    12 |    10 |    55 |   121 ||   198
       Peck              |       |       |     5 |       ||     5
       Headbutt          |       |       |       |     3 ||     3
Throw: Tomahawk          |       |       |       |     3 ||     3
Invok: Depart the Abyss  |     1 |       |       |       ||     1
       Bend Space        |       |       |       |     2 ||     2
       Banish            |       |       |       |     2 ||     2
Evoke: Wand              |       |       |     1 |     1 ||     2
  Use: Scroll            |     5 |     5 |     9 |    10 ||    29
       Potion            |       |     2 |     5 |     4 ||    11
  Eat: Chunk             |       |     5 |     8 |    23 ||    36
       Ration            |       |       |     1 |     3 ||     4
Armor: Leather armour    |    11 |       |       |       ||    11
       Chain mail        |    33 |   101 |   208 |   511 ||   853
       Skin              |       |       |       |    54 ||    54
Dodge: Dodged            |    25 |    28 |    77 |   200 ||   330
Block: Buckler           |       |       |     1 |   117 ||   118
